 Dungeon Crawl Stone Soup version 0.19-a0-1057-g15bb84d (webtiles) character file.

71 4thArraOfDagon the Slasher (level 4, 0/38 HPs)
             Began as a Centaur Abyssal Knight on Aug 2, 2016.
             Was a Follower of Lugonu.
             Slain by a bat (1 damage)
             ... on level 5 of the Dungeon.
             The game lasted 00:03:08 (415 turns).

4thArraOfDagon the Slasher (Centaur Abyssal Knight)  Turns: 415, Time: 00:03:09

Health: 0/38       AC:  5    Str: 14    XL:     4   Next: 5%
Magic:  5/5        EV:  8    Int: 12    God:    Lugonu [*.....]
Gold:   35         SH:  0    Dex:  7    Spells: 0 memorised, 3 levels left

rFire  . . .     SeeInvis .     k - -1 dagger (curse)
rCold  . . .     Gourm    .     g - +0 ring mail
rNeg   . . .     Faith    .     (no shield)
rPois  .         Spirit   .     (no helmet)
rElec  .         Dismiss  .     (no cloak)
rCorr  .         Reflect  .     (no gloves)
SustAt .         Harm     .     (no barding)
MR     .....                    (no amulet)
Stlth  ..........               (no ring)
                                (no ring)

@: exhausted, very slightly contaminated, slowed, invisible, not resistant to
hostile enchantments, extremely unstealthy
A: hooves 3, clumsy 1, deformed body, speed 2, regeneration 1, tough skin 3,
evolution 1
a: Depart the Abyss, Renounce Religion


You were on level 5 of the Dungeon.
You worshipped Lugonu.
Lugonu was aware of your devotion.
You were not hungry.

You visited 1 branch of the dungeon, and saw 4 of its levels.
You visited the Abyss 1 time.

You collected 35 gold pieces.

Inventory:

Hand Weapons
 a - a +1 falchion
 d - a +1 dagger of draining
 k - a cursed -1 dagger (weapon)
Armour
 b - a +0 leather armour
 g - a +0 ring mail (worn)
Potions
 h - a potion of berserk rage
Comestibles
 c - a bread ration


   Skills:
 - Level 3.0 Fighting
 * Level 3.9 Long Blades
 - Level 1.3 Armour
 - Level 0.6 Dodging
 - Level 2.0 Invocations


You had 3 spell levels left.
You didn't know any spells.

Dungeon Overview and Level Annotations

Branches:
Dungeon (3/15)             Temple (0/1) D:5

Altars:

Annotations:
D:5 Dowan, Duvessa


Innate Abilities, Weirdness & Mutations

You have hooves in place of feet.
Armour fits poorly on your strangely shaped body.
You cover ground very quickly.
You have extremely tough skin. (AC +3)
You are clumsy. (Dex -2)
Your natural rate of healing is unusually fast.
You evolve.


Message History

Dowan gestures at the vampire bat while chanting.
The puff of flame hits the orc.
The orc dies!
The bat barely misses you.
Unknown command.
You can't unwield your weapon to draw a new one!
You closely miss the bat. The vampire bat closely misses you.
The bat barely misses you. The bat hits you.
* * * LOW HITPOINT WARNING * * *
The bat hits you.
* * * LOW HITPOINT WARNING * * *
The bat hits you but does no damage. x4
Unknown command.
Unknown command.
Unknown command.
The bat hits you.
* * * LOW HITPOINT WARNING * * *
The vampire bat bites you but does no damage.
The bat closely misses you. The bat hits you.
You die...

############
##...##>.#....###########
#...^.#.........@b.eo...#
#.....#.)......bb.beo...#
#....##..##...b#######..#
#....##..##.....#...#...#
#........#.....##..)##.e#
#........#..$...#.e.#...#
##...##..##....##...##oe#
#ยง#####..#####..#...#oo.#
#....#.........###.###..#


You could see Duvessa, Dowan, a vampire bat, 2 orcs and 4 bats.

Vanquished Creatures
  A vampire bat (D:5)
  An adder (D:3)
  An ooze (D:2)
  3 dart slugs
  4 bats
  3 goblins
13 creatures vanquished.

Vanquished Creatures (others)
  An orc (D:5)
1 creature vanquished.

Grand Total: 14 creatures vanquished

Notes
Turn   | Place    | Note
-------+----------+-------------------------------------------
     0 | Abyss:1  | 4thArraOfDagon the Centaur Abyssal Knight began the quest for the Orb.
     0 | Abyss:1  | Reached XP level 1. HP: 19/19 MP: 2/2
    57 | Abyss:2  | Noticed a demonic crawler
   114 | Abyss:2  | Noticed a wizard
   117 | D:1      | Escaped the Abyss
   243 | D:1      | Reached XP level 2. HP: 2/26 MP: 3/3
   333 | D:3      | Reached * piety under Lugonu
   333 | D:3      | Reached XP level 3. HP: 23/31 MP: 4/4
   345 | D:3      | You fall through a shaft for 2 floors!
   345 | D:5      | Entered Level 5 of the Dungeon
   348 | D:5      | Found a staircase to the Ecumenical Temple.
   368 | D:5      | Noticed Duvessa
   368 | D:5      | Noticed Dowan
   373 | D:5      | 4thArraOfDagon: same story
   376 | D:5      | Reached XP level 4. HP: 36/38 MP: 5/5
   401 | D:5      | Gained mutation: You are clumsy. (Dex -2) [potion of mutation]
   401 | D:5      | Gained mutation: You evolve. [potion of mutation]
   401 | D:5      | Gained mutation: Your natural rate of healing is unusually fast. [potion of mutation]
   415 | D:5      | HP: 1/38 [bat (1)]
   415 | D:5      | Slain by a bat

Vault maps used:
D:1:      kilobyte_arrival_exit_the_forest
D:2:      lemuel_zombie_altar_kikubaaqudgha, uniq_crazy_yiuf_cottage,
          uniq_sigmund, uniq_natasha
D:3:      lemuel_doored_altar
D:5:      minitemple, gup_ossuary_entry_pyramid, serial_shops, shop,
          first_bread, minmay_guarded_unrand_vampires_tooth, uniq_duvessa
Abyss:1:  evilmike_abyss_exit_mutagenic

Skill      XL: |  1  2 |
---------------+-------+-----
Long Blades    | 2 3 |  3.9
Fighting       | |  3.0
Armour         | |  1.3
Dodging        | |  0.6
Invocations    | |  2.0

Action                   |  1- 3 |  4- 6 || total
-------------------------+-------+-------++-------
Melee: Dagger            |    32 |    22 ||    54
       Kick              |     4 |     3 ||     7
Invok: Depart the Abyss  |     1 |       ||     1
  Use: Potion            |     3 |     2 ||     5
       Scroll            |     1 |     2 ||     3
Armor: Leather armour    |    11 |       ||    11
       Ring mail         |    18 |    66 ||    84
Dodge: Dodged            |    23 |    58 ||    81
